 Dungeon Crawl Stone Soup version 0.16-a0-110-ge8ded92 (webtiles) character file.

573 Ratboiler the Spear-Bearer (level 7, -1/53 HPs)
             Began as a Merfolk Gladiator on Aug 10, 2014.
             Was a Follower of Zin.
             Slain by a gnoll
             ... wielding a +0 spear
              (5 damage)
             ... on Level 4 of the Dungeon.
             The game lasted 00:13:02 (3763 turns).

Ratboiler the Spear-Bearer (Merfolk Gladiator)      Turns: 3763, Time: 00:13:02

HP  -1/53        AC  7     Str 16      XL: 7   Next: 34%
MP   8/8         EV 12     Int  7      God: Zin [*.....]
Gold 81          SH  0     Dex 16      Spells:  0 memorised,  6 levels left

rFire  . . .     SeeInvis .     a - +0 trident
rCold  . . .     Clarity  .     A - +0 ring mail
rNeg   . . .     rCorr    .     (no shield)
rPois  .         rRot     .     c - +0 helmet
rElec  .         Spirit   .     y - +0 cloak
SustAb .         Warding  .     (no gloves)
rMut   .         Stasis   .     (no boots)
Gourm  +                        j - amulet of the gourmand
MR     .....                    (no ring)
                                (no ring)

@: not resistant to hostile enchantments, very unstealthy
A: change form in water, swift swim
a: Recite, Renounce Religion


You were on level 4 of the Dungeon.
You worshipped Zin.
Zin was aware of your devotion.
You were hungry.

You visited 1 branch of the dungeon, and saw 4 of its levels.

You collected 150 gold pieces.
You donated 69 gold pieces to Zin.

Inventory:

Hand weapons
 a - a +0 trident (weapon)
Missiles
 d - 3 throwing nets (quivered)
 s - 15 poisoned needles
 B - 8 tomahawks
Armour
 b - a +0 leather armour
 c - a +0 helmet (worn)
 q - a +0 shield
 y - a +0 cloak (worn)
 A - a +0 ring mail (worn)
Comestibles
 f - 3 bread rations
 E - 2 meat rations
Scrolls
 e - 4 scrolls of remove curse {unknown}
 h - 5 scrolls of identify {unknown}
 k - 3 scrolls of teleportation {unknown}
 m - 2 scrolls of magic mapping {unknown}
 n - 2 scrolls of random uselessness {unknown}
 p - 2 scrolls of fear {unknown}
 t - a scroll of noise {unknown}
Jewellery
 j - an amulet of the gourmand (around neck)
 w - an uncursed ring of see invisible
Potions
 g - a potion of restore abilities {unknown}
 i - 4 potions of curing {unknown}
 l - 3 potions of agility
 o - a potion of poison {unknown}
 u - a potion of brilliance {unknown}
 v - 2 potions of invisibility {unknown}
 x - 2 potions of heal wounds {unknown}
 z - a potion of resistance {unknown}
 C - 2 potions of flight {unknown}


   Skills:
 + Level 3.8 Fighting
 * Level 8.1 Polearms
 - Level 2.0 Throwing
 + Level 2.4 Armour
 + Level 5.7 Dodging
 + Level 1.6 Invocations


You had 6 spell levels left.
You didn't know any spells.

Dungeon Overview and Level Annotations

Branches:
Dungeon (4/15)
 Temple: D:4-7

Altars:
Ashenzari
Gozag
Zin

Shops:
D:3 *

Annotations:
D:4 Grinder


Message History

The bat hits you but does no damage. The bat misses you.
You hit the bat.
You kill the bat!
The gnoll hits you but does no damage.
Use which ability? (? or * to list) There's no-one here to preach to!
Use which ability? (? or * to list)
You clear your throat and prepare to recite. "Zin looked out upon the remains of the hordes of the Abyss..."
The gnoll hits you from afar with a spear.
* * * LOW HITPOINT WARNING * * *
"...and declared it good that they had been..." "...ousted.
And thus justice was done."
The gnoll is dazed by your recitation.
You finish reciting Apostates 16:70.
You feel short of breath.
The gnoll is lost in a daze.
You have got your breath back.
The gnoll hits you from afar with a spear.
You die...

### #.###### ###
##.g..g## #.# ##.####.##
#.#### #..# ##g## ##.....
##.g## ##.# ##......
##..g%# #@## ###.......
#.....##
##.######...##....
##.#....#
#..##.......##...
##.###...##
##............... #..#
##...####....###.........
##.## ##...##....##
###....... ###.##
#.........# #.......
#...# #.........#
##......
###.#######.........##
#......


You could see 2 gnolls.

Vanquished Creatures
  An ogre (D:3)
  Blork the orc (D:4)
  The ghost of Sar the Poker, an average NaSk of Ashenzari (D:3)
  Crazy Yiuf (D:2)
  An orc priest (D:4)
  A black bear skeleton (D:4)
  3 orc wizards
  A worker ant (D:3)
  5 adders
  4 gnolls
  A giant mite (D:4)
  A shadow imp (D:4)
  2 oozes (D:3)
  11 orcs
  4 giant cockroaches
  8 goblins
  8 hobgoblins
  A ball python (D:1)
  5 bats
  A giant newt (D:3)
  7 kobolds
  2 quokkas (D:2)
  4 rats
74 creatures vanquished.

Notes
Turn   | Place    | Note
--------------------------------------------------------------
     0 | D:1      | Ratboiler, the Merfolk Gladiator, began the quest for the Orb.
     0 | D:1      | Reached XP level 1. HP: 16/16 MP: 1/1
   246 | D:1      | Reached XP level 2. HP: 13/22 MP: 2/2
   494 | D:2      | Reached skill level 1 in Armour
   547 | D:2      | Reached skill level 5 in Polearms
   639 | D:2      | Noticed Crazy Yiuf
   649 | D:2      | Killed Crazy Yiuf
   649 | D:2      | Reached XP level 3. HP: 8/28 MP: 3/3
   980 | D:2      | Reached XP level 4. HP: 32/34 MP: 4/4
  1230 | D:3      | Noticed an ogre
  1329 | D:3      | Killed an ogre
  1329 | D:3      | Reached skill level 6 in Polearms
  1329 | D:3      | Reached XP level 5. HP: 18/41 MP: 5/5
  1530 | D:3      | Found a shattered altar of Ashenzari.
  1678 | D:3      | Noticed Sar's ghost (average NaSk)
  1721 | D:3      | Killed Sar's ghost
  1721 | D:3      | Reached skill level 5 in Dodging
  1721 | D:3      | Reached XP level 6. HP: 19/47 MP: 6/6
  1978 | D:3      | Reached skill level 7 in Polearms
  2200 | D:3      | Found a glowing silver altar of Zin.
  2211 | D:3      | Became a worshipper of Zin the Law-Giver
  2211 | D:3      | Acquired Zin's first power
  2221 | D:3      | Donated 54 gold pieces to Zin
  2252 | D:3      | Found an opulent altar of Gozag.
  2404 | D:3      | Found Gozag's Platinum Reserve.
  2759 | D:4      | Noticed Grinder
  2957 | D:4      | Reached XP level 7. HP: 22/53 MP: 8/8
  2967 | D:4      | Reached skill level 1 in Invocations
  3375 | D:4      | Noticed Blork the orc
  3406 | D:4      | Killed Blork the orc
  3406 | D:4      | Reached skill level 8 in Polearms
  3726 | D:4      | HP: 1/53 [gnoll/whip (5)]
  3763 | D:4      | Slain by a gnoll

Action                   |  1- 3 |  4- 6 |  7- 9 || total
-------------------------+-------+-------+-------++-------
Melee: Trident           |    72 |   210 |    69 ||   351
Invok: Recite            |       |       |     2 ||     2
  Use: Potion            |       |       |     2 ||     2
  Eat: Chunk             |       |     5 |     2 ||     7
       Pizza             |       |     1 |       ||     1
